[Event "87th Spanish Championship 2022"]
[Site "Linares"]
[Date "2022.08.15"]
[Round "6.15"]
[White "Garcia Martin, Marta"]
[Black "Gonzalez Perez, Arian"]
[Result "1/2-1/2"]
[ECO "B30"]
[WhiteElo "2305"]
[BlackElo "2418"]
[Annotator "TA"]
[PlyCount "109"]
[EventDate "2022.08.11"]
[EventType "swiss"]
[EventCountry "ESP"]
[SourceTitle "playchess.com"]
[Source "ChessBase"]
[SourceQuality "1"]
[TimeControl "5400+30"]

1. e4 c5 2. Nf3 Nc6 3. Bb5 e6 4. Nc3 Nge7 5. d4 cxd4 6. Nxd4 Nxd4 7. Qxd4 a6 {[%emt 0:00:11] B30: Sicilian: 2...Nc6 3 Bb5, lines without ...g6.} 8. Be2 Nc6 9. Qd3 $1 {[%emt 0:01:04] 9.Qd3 scores better than 9.Qe3.} Qc7 {[%emt 0:01:55] Prevents Bf4. White has an edge.} 10. Qg3 Qxg3 11. hxg3 b5 {[%emt 0:00:21] Prevents Na4.} 12. Be3 Bb7 13. a4 b4 14. Nb1 {[%emt 0:00:05][%cal Bc3b1,Bb1d2,Bd2b3][%mdl 32] [#]} Ne7 $146 ({Predecessor:} 14... Be7 15. Nd2 O-O 16. O-O-O d6 17. Nc4 Rad8 18. Bb6 Rd7 19. Kb1 h6 20. Rd2 Rc8 {1-0 (38) Baranowski,T (2470)-Troia,E (2237) ICCF email 2008}) 15. Nd2 d5 {[%emt 0:01:05] Inhibits Nc4.} 16. exd5 Nxd5 17. Bd4 Nf6 18. f3 Be7 19. Nb3 O-O 20. Bc5 Rfe8 21. Rh4 Nd5 22. Bxe7 Rxe7 23. Bd3 g6 24. a5 (24. Na5 $16) 24... Rc8 25. O-O-O Rec7 26. Rd2 Kg7 27. Re2 h5 28. Be4 (28. Kd2 {is interesting.} Kf6 29. Rd4 Kg7 30. Ree4) 28... Rb8 29. Kb1 Nf6 30. Bd3 Bd5 31. Bxa6 (31. Nc1 $15) 31... Bxb3 $17 ({Of course not} 31... Ra8 $6 32. Bd3 $15) 32. cxb3 Ra7 33. Bc4 Rxa5 34. Rd4 {[%emt 0:00:26] [#]} (34. Rd2 $17) 34... Rg5 $1 $19 35. Kc2 Rxg3 36. Kd2 Rg5 37. Ke1 Ra5 38. Rd6 (38. Kf1 $142) 38... h4 39. Kf2 Ra1 40. Rc6 Rb7 {[%emt 0:00:29] Against Rc7} 41. Rc2 Nh5 42. Ba6 Rd7 43. Rb6 g5 (43... Ng3 $142 {...Rd5 is the strong threat.} 44. Be2 Rd4) 44. Be2 Nf4 {[%emt 0:04:50] Strongly threatening ...h3.} 45. Rxb4 Rh1 {[%emt 0:00:38] And now ...h3 would win.} 46. Rbc4 Rh2 $4 {[%emt 0:04:02][%mdl 8192] [#]} (46... h3 $19 47. gxh3 Rh2+ 48. Ke1 Rxh3) 47. Rxf4 $1 $18 gxf4 48. Kg1 Rxg2+ 49. Kxg2 {[%emt 0:00:04][%mdl 4096] Endgame KRB-KR} e5 50. b4 f5 51. b5 e4 52. b6 {[%emt 0:00:07] White threatens Rc7 and mate.} Kf6 53. Kh3 {[%emt 0:01:37] White mates.} Ke5 54. Ba6 exf3 55. b7 {[%emt 0:00:11][%mdl 32768] Weighted Error Value: White=0.13 (very precise) /Black=0.37. An unexpected result.} 1/2-1/2

[Event "87th Spanish Championship 2022"]
[Site "Linares"]
[Date "2022.08.15"]
[Round "6.16"]
[White "Lopez Varela, Pablo"]
[Black "Ladron De Guevara Pinto, Paolo"]
[Result "0-1"]
[ECO "C54"]
[WhiteElo "2158"]
[BlackElo "2444"]
[Annotator "TA"]
[PlyCount "52"]
[EventDate "2022.08.11"]
[EventType "swiss"]
[EventCountry "ESP"]
[SourceTitle "playchess.com"]
[Source "ChessBase"]
[SourceQuality "1"]
[TimeControl "5400+30"]

1. e4 e5 2. Nf3 Nc6 3. Bc4 Bc5 4. c3 Nf6 5. d4 exd4 6. e5 d5 7. Be2 Ne4 8. cxd4 Bb4+ 9. Bd2 Nxd2 10. Nbxd2 O-O {[%emt 0:00:32] C54: Giuoco Piano: 4 c3 Nf6, main lines with 5 d4 and 5 d3.} 11. O-O f6 12. Nb3 a5 {[%emt 0:19:31] The position is equal.} (12... Re8 $5 ) 13. a3 Be7 14. Rc1 Bf5 15. Nc5 Bxc5 16. Rxc5 Ne7 {[%emt 0:01:24][%cal Bc6e7,Be7f5,Bf5d4,Bd4e6,Be6g5][%mdl 32] [#]} 17. Nh4 $146 ({Predecessor:} 17. Qb3 c6 18. h3 a4 19. Qb4 Ra7 20. exf6 Rxf6 21. Ne5 Ng6 22. Re1 Nxe5 23. dxe5 {½-½ (47) Antal,G (2562)-Nemeth,M (2487) Slovakia 2020}) 17... fxe5 18. Nxf5 Nxf5 19. dxe5 c6 20. g4 $2 {[%emt 0:02:38] [#]} (20. Qd2 $11 {and White stays safe.}) 20... Qb6 $19 21. Rc3 Nd4 ({Resist} 21... Qxb2 22. Rb3 Qxe5 23. gxf5 $16) 22. Rh3 Rf4 ({Worse is} 22... Qxb2 23. Bd3 g6 24. f4 $17) 23. Bd3 g6 (23... Qxb2 24. Bxh7+ Kf8 25. Qd3 $17) 24. e6 Nxe6 25. Qe1 (25. Qe2 $142 Ng5 26. Rg3) 25... Ng5 26. Re3 Raf8 {[%emt 0:02:54] Weighted Error Value: White=0.44/Black=0.10 (very precise)} 0-1

[Event "87th Spanish Championship 2022"]
[Site "Linares"]
[Date "2022.08.15"]
[Round "6.17"]
[White "Luque Saiz, Andres"]
[Black "Bernabeu Lopez, Carlos Javier"]
[Result "0-1"]
[ECO "C54"]
[WhiteElo "2289"]
[BlackElo "2421"]
[Annotator "TA"]
[PlyCount "60"]
[EventDate "2022.08.11"]
[EventType "swiss"]
[EventCountry "ESP"]
[SourceTitle "playchess.com"]
[Source "ChessBase"]
[SourceQuality "1"]
[TimeControl "5400+30"]

1. e4 e5 2. Nf3 Nc6 3. Bc4 Bc5 4. c3 Nf6 5. d3 O-O 6. Nbd2 d5 {[%emt 0:00:11] C54: Giuoco Piano: 4 c3 Nf6, main lines with 5 d4 and 5 d3.} 7. exd5 Nxd5 8. O-O Nb6 {[%emt 0:01:21] The position is equal.} 9. b4 Be7 10. Re1 Bg4 11. h3 Bh5 12. a4 {[%emt 0:18:13] [#]} Nxc4 $146 ({Predecessor:} 12... a6 13. Bb2 Kh8 14. b5 Na5 15. Rxe5 Naxc4 16. Nxc4 Nxc4 17. dxc4 Qxd1+ 18. Rxd1 Bxf3 19. gxf3 {0-1 (51) Schaefer,S (1991)-Miller,E (2355) Forchheim 2018}) 13. Nxc4 {[%emt 0:00:18] Threatens to win with b5.} f6 14. b5 Nb8 15. d4 a6 16. Ba3 Bxa3 17. Nxa3 exd4 18. cxd4 axb5 (18... c6 {feels hotter.} 19. Qd3 axb5 20. axb5 Bg6) 19. Nxb5 Nc6 20. d5 Ne5 21. g4 Bg6 22. Rc1 (22. Nxe5 $11 fxe5 23. Re3) 22... Nd3 $17 23. Nxc7 $2 {[%emt 0:00:44] White does not recover from this.} (23. Nfd4 $17 {is a better defense.} Qxd5 24. Ne6) 23... Rc8 $19 ({Not} 23... Nxe1 24. Nxe1 Rc8 25. d6 $15) 24. Ne6 {[%emt 0:02:02] [#]} Rxc1 $1 25. Qxc1 Nxc1 26. Nxd8 Nd3 27. Nxb7 $2 (27. Rb1 Rxd8 28. Rxb7) 27... Nxe1 {[%emt 0:00:05] Black is clearly winning.} 28. Nxe1 Rb8 29. Nc5 Rb1 30. Kf1 Rc1 {[%emt 0:00:04] Weighted Error Value: White=0.47/Black=0.03 (flawless)} 0-1

[Event "87th Spanish Championship 2022"]
[Site "Linares"]
[Date "2022.08.15"]
[Round "6.18"]
[White "Moreno Tejera, Emilio"]
[Black "Lin, Yingrui"]
[Result "1/2-1/2"]
[ECO "B33"]
[WhiteElo "2420"]
[BlackElo "2314"]
[Annotator "TA"]
[PlyCount "76"]
[EventDate "2022.08.11"]
[EventType "swiss"]
[EventCountry "ESP"]
[SourceTitle "playchess.com"]
[Source "ChessBase"]
[SourceQuality "1"]
[TimeControl "5400+30"]

1. e4 c5 2. Nf3 Nc6 3. d4 cxd4 4. Nxd4 Nf6 5. Nc3 e5 6. Ndb5 d6 7. Bg5 a6 8. Na3 b5 9. Nd5 Be7 10. Bxf6 Bxf6 11. c4 b4 12. Nc2 a5 13. g3 {[%emt 0:01:19] B33: Sicilian: Pelikan and Sveshnikov Variations.} O-O 14. Bg2 g6 $1 {[%emt 0:02:09][%mdl 4] is currently scoring better than 14...Bg5.} 15. O-O Bg7 16. Qd2 Be6 17. Rad1 Nd4 18. Nde3 {[%emt 0:10:35] [#]} (18. Nxd4 $11 exd4 19. Rfe1) 18... Qb6 $146 (18... b3 $1 $15 19. axb3 Nxb3 20. Qxd6 Qxd6 21. Rxd6 Rfb8) ({Predecessor:} 18... b3 19. axb3 Nxb3 20. Qxd6 Qxd6 21. Rxd6 Rfb8 22. Rb1 a4 23. Rd3 Ra7 24. Na3 Nd4 {0-1 (48) Rogic,D (2492)-Nguyen,T (2577) Tornelo INT 2021}) 19. b3 $1 $11 a4 20. Nxd4 exd4 21. Nc2 axb3 22. axb3 Ra2 23. Qxb4 Rb8 (23... Qc5 $5 24. Qd2 Rb8 $11) 24. Qxb6 {[%emt 0:03:23] The position is equal.} Rxb6 25. Nxd4 Bxd4 {[%emt 0:00:05][%mdl 64] [#] Remove Defender} 26. Rxd4 Rxb3 27. Rxd6 Bxc4 28. Rc1 Be6 29. Rdd1 Rbb2 30. Rf1 Bg4 31. Rb1 Rd2 32. Bh1 Kg7 33. h4 Be2 34. Rfe1 Bg4 35. Rf1 Be2 36. Rfe1 Bg4 37. Rf1 Be2 38. Rfe1 Bg4 {[%emt 0:00:08] A balanced but interesting game.  Weighted Error Value: White=0.07 (flawless) /Black=0.05 (flawless)} 1/2-1/2

[Event "87th Spanish Championship 2022"]
[Site "Linares"]
[Date "2022.08.15"]
[Round "6.19"]
[White "Valmana Canto, Jaime"]
[Black "Carbonell Sancho, Marc"]
[Result "0-1"]
[ECO "D80"]
[WhiteElo "2406"]
[BlackElo "2284"]
[Annotator "TA"]
[PlyCount "52"]
[EventDate "2022.08.11"]
[EventType "swiss"]
[EventCountry "ESP"]
[SourceTitle "playchess.com"]
[Source "ChessBase"]
[SourceQuality "1"]
[TimeControl "5400+30"]

1. d4 Nf6 2. c4 g6 3. Nc3 d5 4. h4 c5 5. cxd5 Nxd5 6. Na4 {[%emt 0:00:08] [#] D80: Grünfeld: Unusual White 4th moves and 4 Bg5.} Bg7 $146 ({Predecessor:} 6... cxd4 7. Qxd4 Nf6 8. Qxd8+ Kxd8 9. Nf3 Nc6 10. g3 Nb4 11. Nd4 e5 12. Bg5 Be7 {0-1 (57) Van Foreest,J (2702)-Ragger,M (2643) Chartres 2022}) 7. e4 Nb6 (7... cxd4 8. exd5 Qxd5 9. Qb3 $14) 8. d5 {[%emt 0:03:59] The position is equal.} Nxa4 9. Qxa4+ Nd7 10. h5 O-O 11. hxg6 hxg6 12. Nf3 Nb6 13. Qa3 e6 14. d6 Qxd6 15. Bh6 Bxh6 16. Rxh6 Kg7 17. Rh4 Bd7 18. Ng5 {[%emt 0:00:41] Threatens to win with Rh7+.} Rh8 {[%emt 0:02:50] Inhibits Rh7+.} 19. Qh3 {[%emt 0:00:03] Rxh8 is the strong threat.} Rxh4 (19... Qd4 $6 20. Rd1 Rxh4 21. Qxh4 Qb4+ 22. Rd2 $17) 20. Qxh4 Kf8 $2 {[%emt 0:09:04][%mdl 8192] [#]} (20... Qd4 $11 {and Black has nothing to worry.} 21. Rd1 Qb4+ 22. Rd2 Rh8) 21. f4 $2 (21. Qh7 Qf4 22. Qh6+ Ke7 $17) (21. Rd1 $1 $18 Qe5 22. f4 (22. Nh7+ Kg7 $17) 22... Qxb2 23. e5 (23. Nh7+ $2 Kg7 $19)) 21... Qd4 $36 {[%emt 0:00:24][%mdl 2048] White must now prevent ...Qb4+. White is under pressure.} 22. e5 $2 (22. Rd1 $11 Qe3+ 23. Be2) 22... Qe3+ (22... Qxb2 $2 23. Qh8+ Ke7 24. Qf6+ Ke8 25. Qxf7+ Kd8 26. Rd1 Qb4+ 27. Kf2 $18) ({Inferior is} 22... Qb4+ 23. Kf2 Qxb2+ 24. Be2 Qxa1 25. Qh8+ Ke7 26. Qf6+ Ke8 27. Qxf7+ (27. Qh8+ Ke7 $11) 27... Kd8 28. Nxe6+ Bxe6 29. Qf8+ Kd7 30. Qd6+ (30. Bb5+ Kc7 $11) 30... Ke8 31. Qxe6+ Kf8 32. Qf6+ Kg8 33. Qxg6+ Kh8 34. Qf6+ Kg8 35. Qg6+ Kh8 36. Qf6+ Kg8 37. Qg6+ $11) 23. Be2 {[%emt 0:00:02] [#] And now Qh8+ would win.} Nd5 $1 24. Nh7+ $2 (24. Qf2) 24... Kg7 $19 {[%emt 0:00:23] Black is clearly winning.} 25. Nf6 Rh8 {[%emt 0:00:30] Against Qh7+} 26. Nxd5 Qg1+ {[%emt 0:00:05][%mdl 64] Skewer, Double Attack.  Weighted Error Value: White=1.06/Black=0.26 (precise)} (26... Rxh4 $2 27. Nxe3 Rxf4 28. Bf3 $18) 0-1

[Event "87th Spanish Championship 2022"]
[Site "Linares"]
[Date "2022.08.15"]
[Round "6.20"]
[White "Ingunza Curro, Andres"]
[Black "Saenz Narciso, Miguel Angel"]
[Result "1-0"]
[ECO "B01"]
[WhiteElo "2370"]
[BlackElo "2222"]
[Annotator "TA"]
[PlyCount "73"]
[EventDate "2022.08.11"]
[EventType "swiss"]
[EventCountry "ESP"]
[SourceTitle "playchess.com"]
[Source "ChessBase"]
[SourceQuality "1"]
[TimeControl "5400+30"]

1. e4 d5 2. exd5 Qxd5 3. Nc3 Qd6 4. d4 c6 5. Nf3 Bg4 6. Be3 {B01: Scandinavian Defence.} Nf6 7. h3 Bxf3 8. Qxf3 {White is slightly better.} Nd5 9. Bd2 Nxc3 10. Bxc3 (10. bxc3 $16 Nd7 11. Rb1) 10... Nd7 11. Bd3 e6 {[#]} 12. O-O $146 ({Predecessor:} 12. O-O-O Qd5 13. Qxd5 exd5 14. Rhe1+ Kd8 15. Re2 Kc7 16. Rde1 Bd6 17. a3 {½-½ (51) Sahil,T (2172)-Drazic,S (2373) Novi Sad 2019}) 12... Nf6 13. b3 Be7 14. Bb2 O-O 15. Rad1 b5 16. c4 bxc4 17. bxc4 Rab8 18. Ba1 (18. Bc1 $5 ) 18... Rfd8 19. Rfe1 Qd7 {Prevents d5.} 20. Qg3 Nh5 21. Qf3 Nf6 22. g4 Rb4 23. Re2 {White is more active.} ({Better is} 23. Bc3 $16) 23... Qb7 ({Black should try} 23... Qc7 $14) 24. Rde1 (24. Bc3 $18 {is more deadly.}) 24... Ne8 (24... h6 $16) 25. Bc3 $18 Ra4 $2 (25... g6 {is a better defense.} 26. Bxb4 Bxb4) 26. Rb1 $2 $40 {[%mdl 128] White has strong attack.} (26. d5 $1 $18 {[%cal Od3h7] and the rest is easy. Black must now prevent Bxh7+!} g6 27. dxe6) 26... Qc7 (26... Qd7 $16) 27. Reb2 $1 Bg5 28. Kg2 {[%cal Oh3h4] h4! is the strong threat.} (28. Rb7 Qf4 29. Qe2 Nd6 $14) 28... c5 (28... h5 {was called for.}) 29. dxc5 Qxc5 $2 (29... Kf8 {is a better chance.} 30. Be2 (30. Bxh7 Qf4 $18) 30... Kg8) 30. Rb8 Qd6 {[#]} (30... Kf8 $142 31. R8b5 (31. Bxh7 Rxb8 32. Bg6 Nd6 $18) 31... Qd6) 31. R1b7 $1 Bf6 (31... Nc7 32. Qe4) 32. Rxd8 Qxd8 {[#]} 33. g5 $1 Nd6 34. gxf6 ({Worse is} 34. Bxf6 gxf6 35. Bxh7+ Kf8 $11) 34... Nxb7 35. Qxb7 (35. Bxh7+ $142 Kf8 36. fxg7+ Ke7 37. Bf6+ Kd7 38. Bxd8 Nxd8 39. g8=Q Rxc4 40. Qd3+ Rd4 41. Qxd4+ Kc7 42. Qgxd8+ Kb7 43. Q8d7+ Kb8 44. Q4xa7#) 35... Ra3 {[#]} (35... gxf6 $18 36. Qe4 Kf8 37. Qxh7 e5) 36. Qb4 (36. Bxh7+ $142 $1 Kxh7 {[#]} 37. Qxf7 $1 Kh6 38. Qxg7+ Kh5 39. Qh7+ Kg5 40. f4+ Kxf4 41. Qh4+ Ke3 42. Qg3+ Ke4 43. Qf3#) 36... Rxa2 {[#]} 37. Bxh7+ $1 {[%mdl 512] Weighted Error Value: White=0.63/Black=0.85} 1-0

[Event "87th Spanish Championship 2022"]
[Site "Linares"]
[Date "2022.08.15"]
[Round "6.21"]
[White "Vega Gutierrez, Sabrina"]
[Black "Gonzalez Guedes, Iyan"]
[Result "1-0"]
[ECO "E73"]
[WhiteElo "2366"]
[BlackElo "2250"]
[Annotator "TA"]
[PlyCount "97"]
[EventDate "2022.08.11"]
[EventType "swiss"]
[EventCountry "ESP"]
[SourceTitle "playchess.com"]
[Source "ChessBase"]
[SourceQuality "1"]
[TimeControl "5400+30"]

1. d4 Nf6 2. c4 g6 3. Nc3 Bg7 4. e4 d6 5. Be2 O-O 6. Be3 e5 7. d5 Na6 8. g4 {[%emt 0:03:43] E73: King's Indian: Averbakh Variation without 6...c5.} Nc5 9. f3 h5 {[%emt 0:00:15] Nowadays more popular than 9...a5.} 10. h3 {[%emt 0:01:55] White is better.} Nh7 {[%emt 0:10:44] [#]} 11. h4 $146 ({Predecessor:} 11. Qd2 hxg4 12. hxg4 Bf6 13. O-O-O Bg5 14. Nh3 Bxe3 15. Qxe3 Bd7 16. Rh2 f6 17. Rdh1 {1-0 (46) Elissalt Cardenas,H (2297)-Ronka,E (2324) Chess.com INT 2021}) 11... Bf6 12. Bf2 Be7 (12... hxg4 $142 13. fxg4 b6) 13. b4 (13. gxh5 $142 $1 Nf6 14. hxg6) 13... Nd7 14. Qd2 (14. gxh5 $16 gxh5 15. Qd2) 14... a5 15. b5 Ndf6 16. Be3 $2 (16. g5 $14 {keeps the upper hand.} Nd7 17. O-O-O) 16... hxg4 $17 17. O-O-O g3 18. f4 Ng4 $1 {[%emt 0:01:21] aiming for ...g2.} 19. Bxg4 Bxg4 20. Nge2 f5 ({Black should try} 20... Qd7 $17 21. f5 gxf5 22. exf5 g2) 21. exf5 gxf5 22. Rdg1 Kh8 23. Nxg3 Rc8 24. Kb1 Bf6 {[%emt 0:02:47] [#]} (24... Nf6 $11) 25. Nge4 $1 $16 exf4 (25... Qe7 26. Nxf6) 26. Bxf4 fxe4 (26... Bg7 $142) 27. Rxg4 Qd7 28. Rhg1 {[%emt 0:01:18] White is more active.} Qf5 {[%emt 0:01:10] ...e3+ is the strong threat.} 29. Be3 (29. Qe3 $142 $1) 29... Qe5 (29... Rg8 $16 30. Rxg8+ (30. Rxe4 Bxc3 31. Qxc3+ Nf6 $11) 30... Rxg8 31. Rxg8+ Kxg8) 30. Kc2 $18 Rce8 (30... Rg8 $142 31. Rxe4 Qh5) 31. Rf1 (31. Nxe4 $18 Bg7 32. b6 (32. Rxg7 Qxe4+ 33. Qd3 Qxd3+ 34. Kxd3 Rf3 $15)) 31... Bg7 {[%emt 0:02:02] [#]} (31... Rg8 $16 32. Rxg8+ Kxg8) 32. Rxf8+ (32. Rxg7 $142 $1 Qxg7 33. Rg1 (33. Bh6 Qxh6 34. Qxh6 Rxf1 $14)) 32... Nxf8 33. Rxe4 Qf5 34. Qd3 Rxe4 35. Qxe4 Qf6 36. Bd2 Ng6 (36... Qf1 $142 37. Nd1 b6) 37. h5 Ne5 38. Ne2 b6 (38... a4 $142 39. Nf4 Nf7) 39. Nf4 Kg8 (39... Nf3 $2 40. Qxf3 Qb2+ 41. Kd1 $18) (39... Qf7 {was worth a try.} 40. Ng6+ Kg8) 40. Ne6 $1 Qf1 41. Nxc7 $2 ({Better is} 41. Nxg7 $18 Kxg7 42. h6+ (42. Bc3 Qf2+ 43. Kb3 Qf1 $16) 42... Kg8 43. Bc3 Qf2+ 44. Kb3) 41... Nxc4 $11 42. Qe8+ Kh7 $1 {[%emt 0:01:24] ( -> ...Na3+)} 43. Qg6+ Kg8 $4 {[%mdl 8192] [#]} (43... Kh8 $11) 44. h6 $2 $40 {[%emt 0:01:19][%mdl 128] Black needs to defend precisely.} (44. Ne6 $1 $18 Na3+ 45. Kb3 Qf3+ 46. Ka4 Qd1+ 47. Kxa3 Qf3+ {[#]} 48. Be3 $1 (48. Ka4 Qd1+ 49. Ka3 Qf3+ 50. Be3 Qxe3+ 51. Ka4 Qh6 $18) 48... Qxe3+ 49. Ka4) 44... Na3+ {[%emt 0:00:57][%mdl 64] Discovered Attack, Double Attack} 45. Kb3 Qc4+ 46. Kxa3 {[%emt 0:00:06][%csl Gh6][%cal Rg6g7] Chess con chili.} Qc5+ $1 47. Kb3 a4+ $1 48. Kxa4 Qc2+ $2 49. Qxc2 {[%emt 0:00:05] Weighted Error Value: White=0.45/Black=0.55} 1-0

[Event "87th Spanish Championship 2022"]
[Site "Linares"]
[Date "2022.08.15"]
[Round "6.22"]
[White "Serrano Almendros, Alejandro"]
[Black "Martinez Fernandez, Adrian"]
[Result "0-1"]
[ECO "B90"]
[WhiteElo "2177"]
[BlackElo "2366"]
[Annotator "TA"]
[PlyCount "110"]
[EventDate "2022.08.11"]
[EventType "swiss"]
[EventCountry "ESP"]
[SourceTitle "playchess.com"]
[Source "ChessBase"]
[SourceQuality "1"]
[TimeControl "5400+30"]

1. e4 c5 2. Nf3 d6 3. d4 Nf6 4. Nc3 cxd4 5. Nxd4 a6 6. Qf3 g6 7. h3 Bg7 8. Be3 O-O 9. O-O-O {[%emt 0:00:06] B70: Sicilian Dragon: 6 g3 and 6 Be2 (without a later Be3).} Qa5 (9... Bd7 $11) 10. Nb3 Qc7 11. g4 {[%emt 0:00:19] The position is equal.} Be6 12. Qg2 Nc6 {[%emt 0:10:28] [#]} 13. f4 $146 ({Predecessor:} 13. Kb1 Nd7 14. Nd5 Bxd5 15. exd5 Na5 16. Bd4 Nxb3 17. Bxg7 Kxg7 18. axb3 Rfc8 19. f4 {0-1 (65) Mansson,P (2140)-Carstensen,J (2359) Sweden 2015}) 13... Nb4 (13... b5 $11) 14. Kb1 $1 $16 b5 15. Nd4 {[%emt 0:05:06] Black must now prevent a3.} Rfc8 (15... Rac8 $142) 16. a3 Nc6 17. Nxc6 Qxc6 18. e5 dxe5 {[%emt 0:04:38] [#]} (18... Ne8 $16) 19. Rd8+ $3 $18 {[%emt 0:01:52][%mdl 576] Deflection} Rxd8 20. Qxc6 Nd5 21. Bd2 ({White must play} 21. f5 $1 $18 Rac8 22. Qxa6 $1) 21... Rac8 $1 $17 22. Qxa6 Nxc3+ 23. bxc3 Rxd2 24. Bd3 exf4 25. Re1 Rxc3 {[%emt 0:06:58] Strongly threatening ...h6. Black is more active.} 26. Qxb5 $2 {[%emt 0:05:32] [#]} (26. Qa8+ $17 Bf8 27. Rf1) 26... f3 $2 $40 {[%emt 0:10:54][%mdl 128] Black is up to no good.} ({Stronger than} 26... Rxa3 27. Qb8+ Bf8 28. Qxf4 $11) ({And not} 26... Rc8 27. a4 $17) ({Black should play} 26... h6 $1 $19 27. Qa4 f3) 27. Qb8+ $2 (27. Qe8+ $11 Bf8 28. Rxe6 fxe6 29. Bxg6 hxg6 30. Qxg6+ Kh8 31. Qh5+ Kg8 32. Qg6+ (32. Qg5+ Bg7 $11) 32... Bg7 33. Qe8+ Bf8 34. Qg6+) 27... Rc8 $19 {[%emt 0:00:46] Really sharp!} 28. Qf4 (28. Qb7) 28... Bc3 29. Rf1 Bd5 30. a4 e5 31. Qe3 e4 32. Ba6 Rc7 33. Kc1 {[%emt 0:00:34] [#]} Rxc2+ $3 34. Kxc2 Bd4+ $1 {[%emt 0:00:00][%mdl 64] Discovered Attack. A strong pair of Bishops.} 35. Kd2 Bxe3+ 36. Kxe3 {[%emt 0:00:01][%mdl 4096] Endgame KRB-KRB} f5 37. gxf5 gxf5 38. Rd1 Bb3 39. Ra1 Kf7 40. a5 Ke6 {[%emt 0:00:26] ...Ke5 is the strong threat.} 41. Kd4 Kf6 {[%emt 0:03:06] Threatens to win with ...Rd7+.} 42. Bb5 Kg5 $2 (42... Rb7 43. Be8 Rb8) 43. a6 Ra7 {[%emt 0:00:01] Hoping for ...Kf4.} 44. Ke5 f2 45. Bf1 $2 (45. h4+ Kg6 46. Kd4) 45... e3 46. Be2 Bc2 47. Rc1 (47. h4+ $142 Kxh4 48. Kf4) 47... Be4 {[%emt 0:00:25] aiming for ...Re7+.} 48. Rc3 {[%emt 0:00:32] [#]} Bg2 (48... Bf3 $142 $1 49. h4+ (49. Bb5 e2) 49... Kxh4) 49. Rc1 Re7+ 50. Kd6 Re4 {[%emt 0:00:01] And now ...Rd4+ would win.} 51. Ra1 Rd4+ 52. Kc5 Rd2 {[%emt 0:00:09] Black mates.} 53. Bf1 Bxf1 54. Rxf1 e2 55. a7 exf1=Q {[%emt 0:00:10] Weighted Error Value: White=1.00/Black=0.33} 0-1

[Event "87th Spanish Championship 2022"]
[Site "Linares"]
[Date "2022.08.15"]
[Round "6.23"]
[White "Alvarez Pampillon, Antonio"]
[Black "Gomez Dieguez, David"]
[Result "0-1"]
[ECO "A15"]
[WhiteElo "2019"]
[BlackElo "2372"]
[Annotator "TA"]
[PlyCount "102"]
[EventDate "2022.08.11"]
[EventType "swiss"]
[EventCountry "ESP"]
[SourceTitle "playchess.com"]
[Source "ChessBase"]
[SourceQuality "1"]
[TimeControl "5400+30"]

1. c4 Nf6 2. g3 e6 3. Bg2 d5 4. Nf3 d4 5. d3 c5 6. e3 Nc6 7. exd4 cxd4 8. O-O Bd6 {[%emt 0:00:44] A13: English Opening: 1...e6.} 9. Re1 O-O 10. Na3 e5 {[%emt 0:09:41] The position is equal.} 11. Nb5 (11. c5 $5 Bc7 12. Nc4 $11) 11... Bb8 12. b4 {[%emt 0:01:11] [#]} a6 $146 ({Predecessor:} 12... h6 13. Rb1 Re8 14. Nd2 Bf5 15. Qe2 a6 16. Na3 Bd6 17. c5 Bc7 18. Nac4 Bg4 {0-1 (38) Cu Hor,W (2286)-Mareco,S (2612) San Salvador 2016}) 13. Na3 Nxb4 (13... Re8 $11) 14. Nxe5 $14 Qa5 {[%emt 0:05:14] [#]} 15. Nf3 (15. Qb3 $1 $14 Nc6 (15... Bd6 16. Bd2) 16. Nf3) 15... Bf5 $1 $15 16. Bf1 Bg4 $36 {[%emt 0:03:10][%mdl 2048] Black has good play.} 17. Bb2 Qh5 18. Qd2 $2 (18. Bg2 $1 $15) 18... Bxf3 $19 19. Qxb4 (19. Bxd4 $142 Nc6 20. Bxf6 gxf6 21. Nc2) 19... Bc7 $2 (19... Ng4 $19 {[%csl Gg4][%cal Rh5h2] is more deadly.} 20. h3 Qh4 $3 ) 20. Qe7 $17 Ng4 21. h3 Ba5 22. Re4 {[%emt 0:00:58] [#]} ({White should play} 22. Bxd4 $15 Bxe1 23. Rxe1) 22... Bxe4 (22... Bd8 $1 $17 23. Qd7 (23. Qxb7 Bf6 $17) 23... Bxe4 24. Qxg4 Qxg4 25. hxg4 Bf3 26. Bxd4 Bxg4) 23. Qxe4 $15 Nf6 ({Don't play} 23... Ne5 24. g4 Nxg4 25. hxg4 $16) 24. Qxd4 Rad8 25. Qf4 Rd7 26. Be5 {[%emt 0:08:24] [#] Inhibits Bc7.} (26. Bxf6 $11 {remains equal.} gxf6 27. Rb1) 26... Bd2 $1 $17 27. Qxd2 Qxe5 28. Re1 Qd4 {[%emt 0:01:45] Black is more active.} 29. Qb4 Re8 {[%emt 0:07:44] Threatens to win with ...Rxe1.} 30. Nc2 Qd6 31. c5 Qd5 32. Rxe8+ Nxe8 33. a3 g6 34. d4 Nf6 35. Bg2 {[%emt 0:00:03] White is now going downhill.} (35. Qc3 $1 $15) 35... Qa2 36. Qa4 Re7 {[%emt 0:01:40] ...Re2 is the strong threat.} 37. Ne3 (37. Bf1 $17) 37... Ne4 38. Qc2 (38. Bxe4 {was the only chance.} Rxe4 39. Qb4) 38... Qa1+ $19 39. Kh2 Qxd4 40. Ng4 (40. Bxe4 $142 Qxe4 41. Qd2) 40... Nxc5 41. Qc1 Ne6 {[%emt 0:03:03] Against Qg5} 42. Bxb7 (42. Bd5 $142) 42... Rc7 43. Qb1 h5 44. Ne3 Qd2 45. Kg2 h4 {[%emt 0:02:23] Strongly threatening ...hxg3.} 46. Qe4 $2 (46. Bd5 hxg3 47. Qb8+ Kg7 48. Kxg3) 46... hxg3 47. Kxg3 Rc1 {[%emt 0:00:37] aiming for ...Rg1+.} 48. Bxa6 $2 (48. Qe5) 48... Qd6+ 49. f4 Qxa6 50. f5 Qd6+ 51. Kh4 g5+ {[%emt 0:01:18] Weighted Error Value: White=1.10/Black=0.44} 0-1